 Dungeon Crawl Stone Soup version 0.29.0-7-g18a832c13a (webtiles) character file.

Game seed: 2175762169449775654

625 Arcadio the Sneak (level 7, 0/55 HPs)
             Began as a Naga Conjurer on Aug 31, 2022.
             Was a Believer of Nemelex Xobeh.
             Slain by a black bear (2 damage)
             ... on level 4 of the Dungeon.
             The game lasted 00:14:13 (5755 turns).

Arcadio the Sneak (Naga Conjurer)                   Turns: 5755, Time: 00:14:14

Health: 0/55       AC:  5    Str:  9    XL:     7   Next: 47%
Magic:  4/13       EV:  9    Int: 21    God:    Nemelex Xobeh [**....]
Gold:   228        SH:  0    Dex:  9    Spells: 5/15 levels left

rFire   . . .      SeeInvis +   l - +2 short sword (speed)
rCold   . . .      Faith    .   (no shield)
rNeg    . . .      Spirit   .   a - +0 robe
rPois   +          Reflect  .   (no helmet)
rElec   .          Harm     .   (no cloak)
rCorr   .          Rampage  .   (no gloves)
Will    .....                   (no barding)
Stlth   +++.......              (no amulet)
HPRegen 0.18/turn               q - ring of flight
MPRegen 0.13/turn               (no ring)

@: flying, very slow
A: AC +2, large, see invisible, deformed body, poison resistance, slowness 2,
spit poison 1, naga tail 1, iridescent scales 1, sturdy frame 1
a: Spit Poison, Renounce Religion, Draw Escape, Draw Destruction, Draw Summoning


You were on level 4 of the Dungeon.
You worshipped Nemelex Xobeh.
Nemelex Xobeh was pleased with you.
You visited 1 branch of the dungeon, and saw 4 of its levels.

You collected 252 gold pieces.
You spent 24 gold pieces at shops.

Inventory:

Hand Weapons
 e - a +0 short sword
 j - a +2 hand axe of flaming
 k - a +1 dagger of venom
 l - a +2 short sword of speed (weapon)
Armour
 a - a +0 robe (worn)
Jewellery
 q - a ring of flight (left hand)
Scrolls
 c - a scroll of enchant weapon {unknown}
 d - a scroll of magic mapping {unknown}
 h - a scroll of poison {unknown}
 i - 3 scrolls of teleportation {unknown}
 m - a scroll of torment {unknown}
 n - a scroll of acquirement {unknown}
 o - a scroll of fog {unknown}
 r - 2 scrolls of noise {unknown}
 t - 4 scrolls of immolation {unknown}
Potions
 b - a potion of magic
 f - 3 potions of heal wounds
 g - a potion of lignification
 s - a potion of curing


   Skills:
 - Level 1.5 Dodging
 + Level 7.6 Stealth
 + Level 4.5 Spellcasting
 + Level 6.0 Conjurations


You had 5 spell levels left.
You knew the following spells:

 Your Spells              Type           Power      Damage    Failure   Level
a - Magic Dart            Conj           100%       1d8       1%          1
b - Searing Ray           Conj           60%        2d6       1%          2
c - Dazzling Flash        Conj/Hex       34%        N/A       10%         3
d - Fulminant Prism       Conj/Hex       8%         3d7       32%         4

Your spell library contained the following spells:

 Spells                   Type           Power      Damage    Failure   Level
 Apportation              Tloc           8%         N/A       12%         1
 Necrotise                Necr           16%        1d4       12%         1
 Sting                    Tmut/Pois      16%        1d3       12%         1
 Summon Small Mammal      Summ           16%        N/A       12%         1
 Poisonous Vapours        Pois/Air       8%         N/A       17%         2
 Iskenderun's Mystic Bla  Conj/Tloc      17%        2d5       32%         4
 Olgreb's Toxic Radiance  Pois           4%         N/A       75%         4


Dungeon Overview and Level Annotations

Branches:
Dungeon (4/15) Zot: 17509
 Temple: D:4-7

Altars:
Elyvilon
Nemelex Xobeh
Wu Jian

Shops:
D:1 (?*(   D:2 [


Innate Abilities, Weirdness & Mutations

Your serpentine skin is tough. (AC +2)
You have supernaturally acute eyesight. (SInv)
Armour fits poorly on your strangely shaped body.
Your system is resistant to poisons. (rPois)
You cover ground very slowly.
You can spit poison.
You have a snake-like lower body.
You are partially covered in iridescent scales. (AC +2)
Your movements are slightly less encumbered by armour. (ER -2)


Message History

Aim: a black bear (severely wounded, berserk, 100% to hit)
The magic dart hits the black bear.
The black bear is almost dead.
The black bear closely misses you. The black bear claws you. x2
The black bear barely misses you. The black bear claws you.
The black bear closely misses you. The black bear misses you.
The black bear barely misses you.
The black bear claws you but does no damage.
The black bear closely misses you. The black bear claws you. x2
The black bear closely misses you. x2
The black bear claws you but does no damage.
Casting: Magic Dart (safe; 1% risk of failure)
Confirm with . or Enter, or press ? or * to list all spells.
Aiming: Magic Dart (safe; 1% risk of failure)
Press: ? - help, Shift-Dir - straight line, f/p - black bear
Aim: a black bear (almost dead, berserk, 100% to hit)
The magic dart hits the black bear but does no damage.
The black bear is almost dead.
The black bear bites you.
* * * LOW HITPOINT WARNING * * *
The black bear claws you.
* * * LOW HITPOINT WARNING * * *
The black bear claws you.
* * * LOW HITPOINT WARNING * * *
Casting: Magic Dart (safe; 1% risk of failure)
Confirm with . or Enter, or press ? or * to list all spells.
Aiming: Searing Ray (safe; 1% risk of failure)
Press: ? - help, Shift-Dir - straight line, f/p - black bear
Aim: a black bear (almost dead, berserk, 85% to hit)
The searing ray misses the black bear. (Press . to maintain the ray.)
The black bear bites you.
* * * LOW HITPOINT WARNING * * *
The black bear closely misses you. The black bear barely misses you.
The black bear bites you.
* * * LOW HITPOINT WARNING * * *
The black bear claws you but does no damage.
The black bear claws you.
You die...
Your body disappears without a glow.

..............#
#####.......##
#.......#
##.......##
##.........###
#............##
#).#...........#
#..##......##....#
#[.#
##@.....###... ..#
#h.....# ##. .#
........#
..?......#
..........#
...........#
!...........#
#............#


You could see a black bear (berserk).

Vanquished Creatures
  Grinder (D:4)
  Sigmund (D:3)
  A black bear (D:4)
  An orc priest (D:3)
  Terence (D:2)
  3 adders
  4 worms
  2 dart slugs
  7 orcs
  2 ball pythons
  2 bats
  7 endoplasms
  2 giant cockroaches (D:3)
  6 goblins
  3 hobgoblins
  9 kobolds
  4 quokkas
  5 frilled lizards
  7 rats
68 creatures vanquished.

Vanquished Creatures (others)
  A fulminant prism (D:4)
1 creature vanquished.

Grand Total: 69 creatures vanquished

Notes
Turn   | Place    | Note
-------+----------+-------------------------------------------
     0 | D:1      | Arcadio the Naga Conjurer began the quest for the Orb.
     0 | D:1      | Reached XP level 1. HP: 15/15 MP: 3/3
    10 | D:1      | Found Busmic's Weapon Shoppe.
   561 | D:1      | Reached XP level 2. HP: 22/22 MP: 1/5
   617 | D:1      | Found Mas Vouli's General Store.
   759 | D:1      | Found Gokkus's Weapon Emporium.
  1044 | D:1      | Reached XP level 3. HP: 20/28 MP: 6/6
  1139 | D:1      | Found Dyadghe's Magic Scroll Shoppe.
  1143 | D:1      | Learned a level 2 spell: Searing Ray
  1147 | D:1      | Learned a level 3 spell: Dazzling Flash
  1239 | D:1      | Bought a scroll of identify for 24 gold pieces
  1259 | D:1      | Found a faded altar of an unknown god.
  1317 | D:1      | Prayed at the altar of an unknown god.
  1317 | D:1      | Became a worshipper of Nemelex Xobeh the Trickster
  1317 | D:1      | Reached * piety under Nemelex Xobeh
  1317 | D:1      | Received a gift from Nemelex Xobeh
  1691 | D:2      | Found Zaups's Antique Armour Boutique.
  1726 | D:2      | Reached skill level 4 in Stealth
  2195 | D:2      | Noticed Terence
  2206 | D:2      | Killed Terence
  2207 | D:2      | Reached XP level 4. HP: 5/36 MP: 1/8
  3183 | D:3      | Reached skill level 5 in Stealth
  3187 | D:3      | Reached XP level 5. HP: 32/42 MP: 3/9
  3385 | D:3      | Noticed Sigmund
  3402 | D:3      | Gained mutation: Your movements are slightly less
                  | encumbered by armour. (ER -2) [potion of mutation]
  3402 | D:3      | Gained mutation: You are partially covered in iridescent
                  | scales. (AC +2) [potion of mutation]
  3406 | D:3      | Killed Sigmund
  3407 | D:3      | Reached skill level 6 in Stealth
  3407 | D:3      | Reached skill level 5 in Conjurations
  3407 | D:3      | Reached XP level 6. HP: 19/49 MP: 5/11
  4276 | D:2      | Learned a level 4 spell: Fulminant Prism
  4387 | D:3      | Found a white marble altar of Elyvilon.
  4391 | D:3      | Found an ornate altar of the Wu Jian Council.
  4537 | D:3      | Reached ** piety under Nemelex Xobeh
  4763 | D:4      | Noticed a black bear
  4776 | D:4      | Killed a black bear
  5380 | D:4      | Noticed Grinder
  5403 | D:4      | Killed Grinder
  5404 | D:4      | Reached skill level 7 in Stealth
  5404 | D:4      | Reached XP level 7. HP: 40/55 MP: 0/13
  5755 | D:4      | HP: 2/55 [black bear (5)]
  5755 | D:4      | Slain by a black bear

Illustrated notes

Levels and vault maps discovered:
D:1:      scummos_arrival_hexagon, layout_basic,
          hellmonk_ecumenical_altar_crossroads, serial_shops,
          nicolae_shop_window_shopping, nicolae_shop_bloodbath_and_beyond,
          nicolae_lakefront_shop, nicolae_square_shop
D:2:      layout_rooms, serial_shops, shop, uniq_terence
D:3:      layout_basic, grunt_temple_overflow_open, serial_glass,
          glass_columns_c, glass_columns_a, glass_columns_b, glass_columns_a,
          glass_columns_c, uniq_sigmund
D:4:      layout_cave_pods, uniq_grinder

Skill      XL: |  1  2  3  4  5  6 |
---------------+-------------------+-----
Stealth        | 4 5 6 7 |  7.6
Spellcasting   | 3 4 |  4.5
Conjurations   | 5 6 |  6.0
Dodging        | |  1.5

Action                   |  1- 3 |  4- 6 |  7- 9 || total
-------------------------+-------+-------+-------++-------
Melee: Short sword       |    26 |    25 |       ||    51
       Hand axe          |     2 |       |       ||     2
       Dagger            |     1 |       |       ||     1
 Cast: Magic Dart        |    25 |    44 |     8 ||    77
       Searing Ray       |     7 |    15 |     2 ||    24
       Dazzling Flash    |     1 |       |       ||     1
       Fulminant Prism   |       |     1 |       ||     1
Invok: Draw Destruction  |     4 |     1 |       ||     5
       Draw Escape       |     1 |       |       ||     1
 Abil: Spit Poison       |     8 |       |       ||     8
  Use: Scroll            |     2 |       |       ||     2
       Potion            |       |     2 |       ||     2
 Stab: Sleeping          |     3 |     3 |       ||     6
Armor: Robe              |     5 |     8 |     8 ||    21
Dodge: Dodged            |    10 |    15 |    17 ||    42
